 Dungeon Crawl Stone Soup version 0.31.0-11-ge490571c62 (webtiles) character file.

Game seed: 649322911247226699

21 qw the Shooter (level 2, -1/16 HPs)
             Began as a Deep Elf Hunter on Feb 5, 2024.
             Succumbed to their own poison gas
             ... on level 1 of the Dungeon.
             The game lasted 00:00:09 (448 turns).

qw the Shooter (Deep Elf Hunter)                     Turns: 448, Time: 00:00:10

Health: -1/16      AC:  3    Str:  8    XL:     2   Next: 62%
Magic:  4/4        EV: 12    Int: 13    God:
Gold:   35         SH:  5    Dex: 18    Spells: 1/1 levels left

rFire   . . .        a - +0 shortbow (heavy)
rCold   . . .        (shield currently unavailable)
rNeg    . . .        c - +0 leather armour
rPois   .            (no helmet)
rElec   .            (no cloak)
rCorr   .            (no gloves)
SInv    .            (no boots)
Will    .....        e - amulet of reflection
Stlth   ++           (no ring)
HPRegen 0.22/turn    (no ring)
MPRegen 0.09/turn

%: reflection
@: lethally poisoned (-1 -> -9)
A: no striking features
a: no special abilities


You were on level 1 of the Dungeon.
You visited 1 branch of the dungeon, and saw 1 of its levels.

You collected 35 gold pieces.


   Skills:
 - Level 1.5 Fighting
 + Level 6.4 Ranged Weapons
 - Level 2.4 Dodging
 - Level 1.2 Stealth


You had one spell level left.
You didn't know any spells.
Your spell library was empty.

Inventory:

Hand Weapons
 a - a +0 heavy shortbow (weapon)
Armour
 c - a +0 leather armour (worn)
Jewellery
 e - an amulet of reflection (around neck)
Potions
 d - a potion of mutation {unknown}
 g - a potion of brilliance {unknown}
 h - a potion of degeneration {unknown}
 i - a potion of curing {unknown}

Dungeon Overview and Level Annotations

Branches:
Dungeon (1/15)

Altars:


Message History

438 ||| UPGRADING to amulet of reflection.
You start putting on your amulet.
You continue putting on your amulet of reflection. x5
You finish putting on your amulet of reflection.
You feel a shielding aura gather around you.
e - an amulet of reflection (around neck) Done exploring.
443 ||| READING scroll labelled EKYRPH BUNAUD.
The air fills with toxic fumes!
As you read the scroll labelled EKYRPH BUNAUD, it crumbles to dust.
It was a scroll of poison.
Done exploring.
444 ||| READING scroll labelled YXTAKE NUTUR.
As you read the scroll labelled YXTAKE NUTUR, it crumbles to dust.
It is a scroll of brand weapon.
444 ||| BRANDING +0 shortbow.
Your +0 shortbow becomes incredibly heavy!
a - a +0 heavy shortbow (weapon)
Done exploring.
445 ||| DROPPING scroll of butterflies.
You drop a scroll of butterflies.
Done exploring.
What level of the Dungeon? (default 1, ? - help) Sorry, I don't know how to get there.
Enter note:
Enter note:
Enter note:
Enter note:
Enter note:
Enter note:
Enter note:
Enter note:
Enter note: You are engulfed in poison gas.
You are poisoned.
Ouch! That really hurt!
You feel very sick.
447 ||| Stepping ~*~*~tactically~*~*~ (cloud).
You feel sick.
You see here a scroll of butterflies.
There is a lethal amount of poison in your body!
You die...

##########
#0¤¤0¤¤¤0#
#0¤¤0¤0¤¤# ######
#¤¤0¤¤0¤¤#
##....###¤¤¤¤¤¤¤¤#
###..#..##¤¤¤¤¤¤¤¤¤#
....####.#0¤¤¤¤0@¤¤#
######..##0¤¤¤¤¤¤¤¤#
#####.###¤¤0¤¤¤¤0¤¤#
....##..##¤¤¤¤¤¤¤¤¤#
....####.#¤¤¤¤¤0¤¤¤#
....##..##¤¤¤¤¤¤#¤##
....#.###¤¤¤¤¤¤¤#¤#
....##..##¤¤¤¤¤¤#¤#
.###.###.#........#


There were no monsters in sight!

Vanquished Creatures
  A ball python (D:1)
  2 bats (D:1)
  2 endoplasms (D:1)
  6 giant cockroaches (D:1)
  A goblin (D:1)
  2 quokkas (D:1)
  2 rats (D:1)
16 creatures vanquished.

Notes
Turn   | Place    | Note
-------+----------+-------------------------------------------
     0 | D:1      | qw the Deep Elf Hunter began the quest for the Orb.
     0 | D:1      | Reached XP level 1. HP: 12/12 MP: 3/3
     0 | D:1      | 0 ||| qw: Version: 0.3-a-160-g6735b56
     0 | D:1      | 0 ||| qw: Game counter: 6219
     0 | D:1      | 0 ||| qw: Melee chars always use a shield: true
     0 | D:1      | 0 ||| qw: God list: Okawaru
     0 | D:1      | 0 ||| qw: Allow faded altars: false
     0 | D:1      | 0 ||| qw: Do Orc after clearing Dungeon:15 true
     0 | D:1      | 0 ||| qw: Do second Lair branch before Depths: true
     0 | D:1      | 0 ||| qw: Lair rune preference: random
     0 | D:1      | 0 ||| qw: Goals: Normal
     0 | D:1      | 0 ||| PLANNING D:1-11
   142 | D:1      | Reached XP level 2. HP: 16/16 MP: 4/4
   262 | D:1      | Reached skill level 6 in Ranged Weapons
   438 | D:1      | 438 ||| UPGRADING to amulet of reflection.
   443 | D:1      | 443 ||| READING scroll labelled EKYRPH BUNAUD.
   444 | D:1      | 444 ||| READING scroll labelled YXTAKE NUTUR.
   444 | D:1      | 444 ||| BRANDING +0 shortbow.
   445 | D:1      | 445 ||| DROPPING scroll of butterflies.
   446 | D:1      | HP: 3/16 [poisoned by you (poison gas)]
   447 | D:1      | 447 ||| Stepping ~*~*~tactically~*~*~ (cloud).
   447 | D:1      | HP: 1/16 [poisoned by you (poison gas)]
   448 | D:1      | Succumbed to their own poison gas

Levels and vault maps discovered:
D:1:      heliophobic_arrival_battle_scene, layout_rooms,
          grunt_decor_resistance, minmay_worlds_worst_comb

Skill      XL: |  1  2 |
---------------+-------+-----
Ranged Weapons | 6 |  6.4
Fighting       | |  1.5
Dodging        | |  2.4
Stealth        | |  1.2

Action                     || total
---------------------------++-------
   Fire: Shortbow          ||    33
    Use: Scroll            ||     2
 Armour: Leather armour    ||     5
  Dodge: Dodged            ||     7

Table legend:
 A = Non-vault XP
 B = Vault XP
 C = Vault XP percentage of total XP
 D = Non-vault monster count
 E = Vault monster count
 F = Vault count percentage of total count
                 A         B        C        D         E       F
            +---------+---------+-------+---------+---------+-------
      Total |      20 |      10 |  33.3 |      11 |       5 |  31.2
            +---------+---------+-------+---------+---------+-------
        D:1 |      20 |      10 |  33.3 |      11 |       5 |  31.2
            +---------+---------+-------+---------+---------+-------
